 Dungeon Crawl Stone Soup version 0.31-a0-83-gbff143cfd1 (webtiles) character file.

Game seed: 6589262762943021803

3278 browni3141 the Merchant of Misery (level 9, -2/65 HPs)
             Began as a Mummy Fighter on May 24, 2023.
             Was a Believer of Kikubaaqudgha.
             Killed from afar by Maggie (36 damage)
             ... with a bolt of fire
             ... on level 8 of the Dungeon.
             The game lasted 00:19:28 (7862 turns).

browni3141 the Merchant of Misery (Mummy Fighter)   Turns: 7862, Time: 00:19:28

Health: -2/65      AC:  7    Str: 25    XL:     9   Next: 69%
Magic:  18/27      EV: 10    Int: 12    God:    Kikubaaqudgha [**....]
Gold:   383        SH:  4    Dex: 11    Spells: 3/20 levels left

rFire   x . .        a - +2 dagger (drain)
rCold   + . .        c - +0 buckler
rNeg    + + +        p - +0 scale mail
rPois   ∞            (no helmet)
rElec   +            (no cloak)
rCorr   .            (no gloves)
SInv    .            e - +0 pair of boots
Will    +....        d - amulet of Vededghe {rElec Regen+} Stlth
                     h - ring of magical power
HPRegen 1.10/turn    n - +6 ring of strength
MPRegen 0.20/turn

%: faith
@: animating dead
A: cold resistance 1, negative energy resistance 3, torment resistance 2, heat
vulnerability 1, in touch with death 1, no potions, faith
a: Renounce Religion, Unearth Wretches


You were on level 8 of the Dungeon.
You worshipped Kikubaaqudgha.
Kikubaaqudgha was pleased with you.
You visited 2 branches of the dungeon, and saw 9 of its levels.

You collected 428 gold pieces.
You spent 45 gold pieces at shops.

Inventory:

Hand Weapons
 a - a +2 dagger of draining (weapon)
 b - a +0 spear of venom
 f - a +0 rapier
 i - the +1 short sword "Qeotol" {spect, rElec}
   (You found it on level 6 of the Dungeon)

   rElec:     It insulates you from electricity.
Missiles
 q - 9 poisoned darts (quivered)
Armour
 c - a +0 buckler (worn)
 e - a +0 pair of boots (worn)
 p - a +0 scale mail (worn)
Jewellery
 d - the amulet of Vededghe (around neck) {rElec Regen+}
   (You acquired it on level 4 of the Dungeon)

   [amulet of regeneration]

   rElec:     It insulates you from electricity.
   Regen:     It increases your rate of health regeneration.
 h - a ring of magical power (left hand)
 n - a +6 ring of strength (right hand)
Scrolls
 g - 2 scrolls of vulnerability
 k - a scroll of immolation
 l - a scroll of blinking
 m - a scroll of brand weapon
 o - 2 scrolls of fog
 r - a scroll of noise {unknown}


   Skills:
 + Level 3.7 Fighting
 + Level 6.3 Short Blades
 + Level 2.6 Armour
 * Level 2.4 Dodging
 - Level 2.4 Shields
 + Level 6.0 Spellcasting
 * Level 9.5 Necromancy


You had 3 spell levels left.
You knew the following spells:

 Your Spells              Type           Power      Damage    Failure   Level
a - Vampiric Draining     Necr           39%        2d8       3%          3
b - Dispel Undead         Necr           39%        3d16      11%         4
c - Animate Dead          Necr           39%        N/A       11%         4
d - Anguish               Hex/Necr       9%         N/A       69%         4
e - Cigotuvi's Dreadful   Necr/Pois/Air  26%        N/A       32%         2

Your spell library contained the following spells:

 Spells                   Type           Power      Damage    Failure   Level
 Necrotise                Necr           100%       1d9       1%          1
 Call Canine Familiar     Summ           3%         N/A       83%         3
 Ozocubu's Armour         Ice            3%         N/A       83%         3
 Portal Projectile        Hex/Tloc       2%         N/A       91%         3
 Ignite Poison            Fire/Tmut/Pois 1%         N/A       93%         3
 Borgnjor's Vile Clutch   Necr/Erth      9%         N/A       95%         5
 Leda's Liquefaction      Hex/Erth       0%         N/A       100%        4
 Sticky Flame             Conj/Fire      1%         2d3       100%        4
 Simulacrum               Ice/Necr       9%         N/A       100%        6
 Haunt                    Necr/Summ      9%         N/A       100%        7
 Ozocubu's Refrigeration  Ice            1%         4d7       100%        7
 Ignition                 Fire           1%         3d3       100%        8
 Infestation              Necr           19%        N/A       100%        8
 Chain Lightning          Conj/Air       0%         2d1       100%        9
 Fire Storm               Conj/Fire      0%         6d1       100%        9
 Shatter                  Erth           1%         3d6*      100%        9


Dungeon Overview and Level Annotations

Branches:
Dungeon (8/15)             Temple (1/1) D:5
   Lair: D:8-11

Altars:
Ashenzari
Cheibriados
Dithmenos
Fedhas
Gozag
Hepliaklqana
Kikubaaqudgha
Makhleb
Nemelex Xobeh
Okawaru
Qazlal
Ru
Sif Muna
Trog
Uskayaw
Vehumet
Yredelemnul

Shops:
D:1 [   D:7 *

Annotations:
D:8 Erica, Maggie
Temple Eustachio


Innate Abilities, Weirdness & Mutations

You are immune to poison.
Your flesh is cold resistant. (rC+)
You are immune to negative energy. (rN+++)
You are immune to unholy pain and torment.
You are vulnerable to heat. (rF-)
You are in touch with the powers of death.
You do not drink.
You have a special connection with the divine. (Faith)


Message History

You feel a surge of power!
You call upon the dead to rise.
Kikubaaqudgha calls piteous wretches from the earth!
A water moccasin comes into view.
The helpless water moccasin fails to defend itself.
You puncture the water moccasin!
You kill the water moccasin!
That felt strangely unrewarding.
Maggie gestures at you while chanting. The bolt of fire hits you!!
The fire burns you terribly!
Kikubaaqudgha calls piteous wretches from the earth!
An orc warrior, a four-headed hydra and a killer bee come into view.
The helpless killer bee fails to defend itself.
You puncture the killer bee!
You kill the killer bee!
That felt strangely unrewarding.
The dead are flying!
Maggie gives herself a magical halo, but it quickly sputters out.
Maggie hits you from afar with a +2 halberd of protection!
The helpless orc warrior fails to defend itself.
You impale the orc warrior!!
You kill the orc warrior!
That felt strangely unrewarding.
You break out of your daze.
A nearby four-headed hydra perishes wretchedly.
The dead are walking!
What are your orders? t - Shout!
Orders for allies: a - Attack new target. r - Retreat! s - Stop attacking. g - Guard the area. f - Follow me.
Anything else - Cancel.
Gang up on whom?
Press: ? - help, Dir - move target, f - Maggie
Aim: Maggie, wielding a +2 halberd of protection and wearing +0 swamp dragon scales (ally target) Attack!
Your killer bee zombie barely misses Maggie.
Maggie casts a spell at you. The bolt of fire hits you!!!
The fire burns you terribly!
Ouch! That really hurt!
You die...
Kikubaaqudgha rasps: "You have failed me!
Welcome... oblivion!"

...............##.#.##
..........#'##)##(#.#
........+....<)...#
.......#...#)#)########
#..(.#...#)#.####...# .
#..........#.#....#.#
..####..@..Z....#.####.#
....##..Z.....###.##.#.#
..........@†.......##.#.#
........†.....#.##......#
..............#.##.######
.......[........##).
................##.##
#............#..>###
#............###.#
......##......


PP♣ .Y.... #.......PP.. You could see Maggie (ally target), a friendly
four-headed hydra zombie and a friendly killer bee zombie.

Vanquished Creatures
  2 hornets
  A wyvern (D:7)
  3 yaks
  Sigmund (D:3)
  A steam dragon (D:7)
  3 water moccasins
  An ice beast (D:6)
  2 orc warriors
  2 black bears (D:6)
  A centaur (D:8)
  3 kobold brigands
  A bullfrog (D:6)
  A killer bee (D:8)
  A howler monkey (D:7)
  A hound (D:4)
  A jelly (D:4)
  A gnoll bouda (D:5)
  4 orc priests
  2 sleepcaps
  Natasha (thrice) (D:4)
  2 iguanas
  8 orc wizards
  11 gnolls
  9 adders
  9 shadow imps
  5 white imps
  6 ufetubi
  2 worms
  3 dart slugs
  35 orcs
  5 ball pythons
  6 bats
  8 endoplasms
  5 giant cockroaches
  5 goblins
  6 hobgoblins
  9 jackals (D:4)
  20 kobolds
  A quokka (D:1)
  3 frilled lizards
  4 rats
197 creatures vanquished.

Vanquished Creatures (others)
  A hydra (D:8)
1 creature vanquished.

Grand Total: 198 creatures vanquished

Notes
Turn   | Place    | Note
-------+----------+-------------------------------------------
     0 | D:1      | browni3141 the Mummy Fighter began the quest for the Orb.
     0 | D:1      | Reached XP level 1. HP: 18/18 MP: 1/1
   111 | D:1      | Reached XP level 2. HP: 17/24 MP: 2/2
   398 | D:1      | Found Foke's Armour Shop.
   414 | D:1      | Bought a +0 pair of boots for 45 gold pieces
   619 | D:2      | Gained mutation: You are in touch with the powers of death.
                  | [Mummy growth]
   619 | D:2      | Reached XP level 3. HP: 29/29 MP: 3/3
   825 | D:2      | Identified the +1 sling "Koli" {antimagic, Fragile Int+4}
  1046 | D:2      | Reached XP level 4. HP: 29/35 MP: 4/4
  1690 | D:3      | Noticed Sigmund
  1702 | D:3      | Killed Sigmund
  1703 | D:3      | Reached skill level 5 in Short Blades
  1703 | D:3      | Reached XP level 5. HP: 38/41 MP: 5/5
  1833 | D:4      | Identified a scroll of acquirement
  1863 | D:3      | Reached XP level 6. HP: 23/47 MP: 6/6
  2055 | D:4      | Noticed Natasha
  2071 | D:4      | Killed Natasha
  2174 | D:4      | Found a sacrificial altar of Ru.
  2452 | D:4      | Noticed Natasha
  2473 | D:4      | Killed Natasha
  2521 | D:4      | Reached skill level 1 in Spellcasting
  2847 | D:4      | Noticed Natasha
  2887 | D:4      | Killed Natasha
  3007 | D:4      | Reached XP level 7. HP: 52/52 MP: 11/11
  3054 | D:5      | Entered Level 5 of the Dungeon
  3169 | D:4      | Acquired the amulet of Vededghe {rElec Regen+}
  3291 | D:5      | Found a staircase to the Ecumenical Temple.
  3314 | D:5      | Noticed Eustachio
  3331 | Temple   | Entered the Ecumenical Temple
  3339 | Temple   | Became a worshipper of Kikubaaqudgha
  3771 | D:5      | Noticed a gargoyle
  4106 | D:5      | Found a shimmering blue altar of Sif Muna.
  4129 | D:5      | You fall into a shaft and drop 1 floor!
  4156 | D:6      | Reached skill level 1 in Necromancy
  4168 | D:6      | Noticed a hornet
  4182 | D:6      | Killed a hornet
  4183 | D:6      | Reached skill level 5 in Spellcasting
  4183 | D:6      | Reached skill level 2 in Necromancy
  4241 | D:6      | Reached skill level 3 in Necromancy
  4283 | D:6      | Reached XP level 8. HP: 57/58 MP: 17/17
  4329 | D:6      | Reached * piety under Kikubaaqudgha
  4329 | D:6      | Received a gift from Kikubaaqudgha
  4463 | D:6      | Reached skill level 4 in Necromancy
  4978 | D:5      | Reached skill level 5 in Necromancy
  5550 | D:5      | Found a faded altar of an unknown god.
  5550 | D:5      | Found the Hermit's Pendant {Faith Invo=14 Evo=0 MP+5}
  5780 | D:6      | Reached skill level 6 in Necromancy
  5785 | D:6      | Learned a level 3 spell: Vampiric Draining
  5795 | D:6      | Identified the +1 short sword "Qeotol" {spect, rElec}
  5993 | D:7      | Identified the +0 short sword "Wocwon" {vamp, rPois rC+}
  6003 | D:7      | Found a stormy altar of Qazlal.
  6020 | D:7      | Reached skill level 7 in Necromancy
  6263 | D:7      | Found a blossoming altar of Fedhas.
  6287 | D:7      | Noticed a hornet
  6295 | D:7      | Killed a hornet
  6296 | D:7      | Reached skill level 8 in Necromancy
  6296 | D:7      | Reached XP level 9. HP: 49/63 MP: 18/18
  6485 | D:7      | Found Esarru Hoit's Elemental Accessories.
  6570 | D:7      | Found a bloodstained altar of Trog.
  6875 | D:7      | Reached ** piety under Kikubaaqudgha
  6958 | D:8      | Reached skill level 9 in Necromancy
  6967 | D:8      | Reached skill level 1 in Dodging
  6999 | D:8      | Noticed Erica
  7454 | D:8      | Reached *** piety under Kikubaaqudgha
  7454 | D:8      | Received a gift from Kikubaaqudgha
  7460 | D:8      | Learned a level 4 spell: Dispel Undead
  7794 | D:8      | Noticed Maggie
  7838 | D:7      | Learned a level 4 spell: Animate Dead
  7843 | D:7      | Learned a level 4 spell: Anguish
  7846 | D:7      | Learned a level 2 spell: Cigotuvi's Dreadful Rot
  7862 | D:8      | Killed from afar by Maggie

Illustrated notes

Levels and vault maps discovered:
D:1:      tarquinn_simple_flora_water_c, layout_rooms, serial_corexii_hall,
          chequers_hall_statues_y, chequers_hall_statues_y, serial_shops,
          nicolae_lakefront_shop
D:2:      layout_rooms
D:3:      layout_loops_cross, serial_park_tiny_pond, minmay_splitting_lines,
          uniq_sigmund
D:4:      layout_basic, mainiacjoe_overflow_catwalk, uniq_natasha
D:5:      layout_layer_cave, mainiacjoe_overflow_alcove_2, temple_green,
          hellmonk_guarded_unrand_hermit, uniq_eustachio
D:6:      kennysheep_big_flooded_room, layout_basic
D:7:      layout_rooms, grunt_qazlal_clouds, kennysheep_mini,
          mainiacjoe_overflow_alcove_1, nicolae_elemental_shop
D:8:      layout_basic, serial_demonic, serial_demonic_f, serial_demonic_b,
          serial_demonic_c, serial_demonic_e, serial_demonic_f,
          serial_demonic_e, serial_demonic_a, serial_demonic_c,
          serial_demonic_d, serial_demonic_f, dreamdust_wishing_well,
          minmay_lizard_king, uniq_erica, uniq_maggie
Temple:   eino_temple_lava

Skill      XL: |  1  2  3  4  5  6  7  8  9 |
---------------+----------------------------+-----
Short Blades   | 2 3 5 6 |  6.3
Spellcasting   | 2 6 |  6.0
Necromancy     | 3 8 9 |  9.5
Dodging        | 2 |  2.4
Fighting       | |  3.7
Armour         | |  2.6
Shields        | |  2.4

Action                     |  1- 3 |  4- 6 |  7- 9 || total
---------------------------+-------+-------+-------++-------
  Melee: Rapier            |   122 |       |       ||   122
         Dagger            |    13 |   222 |   722 ||   957
         Spear             |       |       |    14 ||    14
         Short sword       |       |       |    13 ||    13
   Cast: Vampiric Draining |       |       |    16 ||    16
         Animate Dead      |       |       |     1 ||     1
 Invoke: Unearth Wretches  |       |       |     2 ||     2
    Use: Scroll            |       |     2 |     7 ||     9
   Stab: Paralysed         |       |       |     3 ||     3
 Armour: Scale mail        |    74 |    66 |   332 ||   472
  Dodge: Dodged            |    68 |    65 |   367 ||   500
  Block: Buckler           |    33 |    34 |   145 ||   212

Table legend: (Time is in decaauts)
 A = Elapsed time spent in this place.
 B = Non-inter-level travel time spent in this place.
 C = Inter-level travel time spent in this place.
 D = Time resting spent in this place.
 E = Time spent auto-exploring this place.
 F = Levels seen in this place.
 G = Mean time per level.
                   A        B        C        D        E       F      G
               +--------+--------+--------+--------+--------+-----+--------+
         Total |   7677 |   7384 |    293 |    416 |   4605 |   9 |  853.0 |
       Dungeon |   7563 |   7270 |    293 |    397 |   4561 |   8 |  945.4 |
        Temple |    114 |    114 |      0 |     19 |     44 |   1 |  114.0 |
               +--------+--------+--------+--------+--------+-----+--------+

Top non-repeatable levels by time:
     D:5: 1410 daAuts
     D:7: 1370 daAuts
     D:4: 1320 daAuts
     D:6: 972 daAuts
     D:3: 798 daAuts
     D:1: 595 daAuts
     D:2: 560 daAuts
     D:8: 534 daAuts
  Temple: 114 daAuts
